 Dungeon Sprint DCSS version 0.17-a0-1450-g7e755d1 (webtiles) character file.

4957 pulse the Fencer (level 10, -10/77 HPs)
             Began as a Formicid Fighter on June 30, 2015.
             Was the Champion of Trog.
             Mangled by a dire elephant (27 damage)
             ... in the Dungeon (Sprint IX: "|||||||||||||||||||||||||||||").
             The game lasted 00:04:05 (1072 turns).

pulse the Fencer (Formicid Fighter)                 Turns: 1072, Time: 00:04:05

Health: -10/77     AC: 12    Str: 29    XL:     10   Next: 82%
Magic:  13/13      EV: 11    Int: 10    God:    Trog [******]
Gold:   9          SH: 12    Dex: 10    Spells: 0 memorised, 9 levels left

rFire  . . .     SeeInvis +     v - +4 scimitar "Odilot" {vamp, Str+4}
rCold  . . .     Clarity  .     q - +1 scale mail
rNeg   . . .     SustAt   .     c - +0 shield
rPois  .         Gourm    .     (helmet unavailable)
rElec  .         Spirit   .     a - +0 cloak
rCorr  .         Warding  .     (no gloves)
rMut   .         Stasis   +     (no boots)
MR     +....                    (no amulet)
Stlth  ..........               r - +3 ring of intelligence
                                s - +2 ring of protection

@: somewhat resistant to hostile enchantments, extremely unstealthy
A: permanent stasis, dig shafts and tunnels, four strong arms, antennae 3
a: Dig, Burn Spellbooks, Trog's Hand, Brothers in Arms, Renounce Religion


You were in the Dungeon.
You worshipped Trog.
Trog was exalted by your worship.
You were hungry.

You visited 1 branch You collected 9 gold pieces.

Inventory:

Hand weapons
 p - the +2 scimitar of Cruel Justice {slice, rElec Int+4 Dex+7}
   (You found it in the Dungeon)

   It inflicts extra damage upon your enemies.
   It affects your intelligence (+4).
   It affects your dexterity (+7).
   It insulates you from electricity.
 v - the +4 scimitar "Odilot" (weapon) {vamp, Str+4}
   (Trog gifted it to you in the Dungeon)

   It inflicts no extra harm, but heals its wielder somewhat when it strikes a
   living foe.
   It affects your strength (+4).
Armour
 a - a +0 cloak (worn)
 c - a +0 shield (worn)
 q - a +1 scale mail (worn)
Magical staves
 o - an uncursed staff of energy
Jewellery
 r - a +3 ring of intelligence (right hand)
 s - a +2 ring of protection (left hand)
Magical devices
 n - a wand of fire (0)
Scrolls
 g - a scroll of identify
 k - 3 scrolls of blinking
 m - 4 scrolls of remove curse
 t - 2 scrolls of recharging
 u - 2 scrolls of enchant armour
Potions
 b - a potion of brilliance
 d - 2 potions of agility
 f - a potion of invisibility
 h - a potion of haste
 i - 4 potions of magic
 j - 2 potions of berserk rage
 l - 3 potions of curing


   Skills:
 + Level 6.9 Fighting
 * Level 20.1 Long Blades
 + Level 6.8 Armour
 - Level 2.5 Dodging
 + Level 8.0 Shields
 + Level 4.1 Evocations


You had 9 spell levels left.
You didn't know any spells.

Dungeon Overview and Level Annotations

Branches:
Dungeon (1/1)

Altars:
Cheibriados
Dithmenos
Elyvilon
Fedhas
Gozag
Kikubaaqudgha
Makhleb
Nemelex Xobeh
Okawaru
Qazlal
Ru
Sif Muna
Trog
Vehumet
Xom
Yredelemnul
Zin
The Shining One
Beogh
Jiyva
Lugonu


Innate Abilities, Weirdness & Mutations

You are under a permanent stasis effect.
You can dig through walls and to a lower floor.
Your four strong arms can wield two-handed weapons with a shield.
You have a pair of large antennae on your head (SInv).


Message History

You block the dire elephant's attack.
The dire elephant trunk-slaps you but does no damage.
You hit the dire elephant but do no damage.
The dire elephant is severely wounded.
You slash the dire elephant!
The dire elephant is almost dead.
The dire elephant tramples you!
You stumble backwards!
You hit the dire elephant.
The dire elephant is almost dead.
The dire elephant tramples you!!
* * * LOW HITPOINT WARNING * * *
You stumble backwards!
You are too injured to fight recklessly!
You are too injured to fight recklessly!
You are too injured to fight recklessly!
You are too injured to fight recklessly!
You are too injured to fight recklessly!
Drink which item? (? for menu, Esc to quit)
You feel better. The dire elephant tramples you!!
You die... { {{{{{{{{ {{{{{{{{{{{{ {{{{{ { { { { {{{{ {{{{{

{ ▓▓▓▓▓▓▓▓▓▓▓▓▓▓▓▓▓▓▓▓▓▓▓▓▓▓▓▓▓
.(††........'÷..@YYYY.Y.Y..Y.{{
▓▓▓▓▓▓▓▓▓▓▓▓▓▓▓▓▓▓▓▓▓▓▓▓▓▓▓▓▓▓▓▓▓
.................................
▓▓▓▓▓▓▓▓▓▓▓▓▓▓▓▓▓▓▓▓▓▓▓▓▓▓▓▓▓▓▓▓▓
____________________'.?.).[..[†.)
▓▓▓▓▓▓▓▓▓▓▓▓▓▓▓▓▓▓▓▓▓▓▓▓▓▓▓▓▓▓▓▓▓


You could see a dire elephant and 4 elephants.

Vanquished Creatures
  A hill giant (D)
  2 unseen horrors (D)
  An ugly thing (D)
  A spiny frog (D)
  2 black mambas (D)
  A komodo dragon (D)
  2 polar bears (D)
  A two-headed ogre (D)
  A blink frog (D)
  A yak (D)
  A wyvern (D)
  A hippogriff (D)
  3 water moccasins (D)
  An ice beast (D)
  2 centaurs (D)
  A crocodile (D)
  2 giant frogs (D)
  A crimson imp (D)
  A sheep (D)
  A river rat (D)
  An adder skeleton (D)
  An adder zombie (D)
  A bat (D)
  2 goblins (D)
  2 hobgoblins (D)
  2 kobolds (D)
  A giant cockroach zombie (D)
  A giant gecko (D)
  2 rats (D)
40 creatures vanquished.

Notes
Turn   | Place    | Note
--------------------------------------------------------------
     0 | D        | pulse the Formicid Fighter began the quest for the Orb.
     0 | D        | Reached XP level 1. HP: 18/18 MP: 1/1
     9 | D        | Reached skill level 4 in Shields
    40 | D        | Noticed a centaur
    66 | D        | Killed a centaur
    66 | D        | Reached skill level 5 in Fighting
    66 | D        | Reached skill level 5 in Armour
    66 | D        | Reached skill level 1 in Dodging
    66 | D        | Reached skill level 6 in Shields
    66 | D        | Reached XP level 2. HP: 10/28 MP: 2/2
    66 | D        | Reached XP level 3. HP: 12/34 MP: 3/3
    66 | D        | Reached XP level 4. HP: 14/40 MP: 4/4
   271 | D        | Found a glowing silver altar of Zin.
   271 | D        | Found a glowing golden altar of the Shining One.
   271 | D        | Found an ancient bone altar of Kikubaaqudgha.
   271 | D        | Found a basalt altar of Yredelemnul.
   271 | D        | Found a shimmering altar of Xom.
   271 | D        | Found a radiant altar of Vehumet.
   272 | D        | Found an iron altar of Okawaru.
   273 | D        | Found a burning altar of Makhleb.
   274 | D        | Found a deep blue altar of Sif Muna.
   275 | D        | Found a bloodstained altar of Trog.
   276 | D        | Found a sparkling altar of Nemelex Xobeh.
   277 | D        | Found a white marble altar of Elyvilon.
   278 | D        | Found a roughly hewn altar of Beogh.
   279 | D        | Found a viscous altar of Jiyva.
   280 | D        | Found a corrupted altar of Lugonu.
   281 | D        | Found a blossoming altar of Fedhas.
   282 | D        | Found a snail-covered altar of Cheibriados.
   283 | D        | Became a worshipper of Trog the Wrathful
   284 | D        | Found a shadowy altar of Dithmenos.
   285 | D        | Found a stormy altar of Qazlal.
   286 | D        | Found an opulent altar of Gozag.
   287 | D        | Found a sacrificial altar of Ru.
   307 | D        | Got the +2 scimitar of Cruel Justice {slice, rElec Int+4 Dex+7}
   338 | D        | Noticed an ice beast
   338 | D        | Noticed a hill giant
   338 | D        | Noticed a two-headed ogre
   339 | D        | Killed an ice beast
   339 | D        | Reached skill level 8 in Shields
   339 | D        | Reached XP level 5. HP: 45/47 MP: 5/5
   347 | D        | Killed a hill giant
   347 | D        | Acquired Trog's first power
   347 | D        | Reached skill level 12 in Long Blades
   347 | D        | Reached XP level 6. HP: 28/53 MP: 5/7
   347 | D        | Reached XP level 7. HP: 31/59 MP: 5/8
   356 | D        | Killed a two-headed ogre
   356 | D        | Acquired Trog's second power
   356 | D        | Reached skill level 13 in Long Blades
   356 | D        | Reached XP level 8. HP: 27/65 MP: 5/9
   361 | D        | Noticed an unseen horror
   361 | D        | Noticed an unseen horror
   361 | D        | Noticed a crimson imp
   361 | D        | Noticed a centaur
   361 | D        | Noticed a red ugly thing
   370 | D        | Killed an unseen horror
   370 | D        | Reached skill level 14 in Long Blades
   372 | D        | Killed an unseen horror
   372 | D        | Reached skill level 15 in Long Blades
   372 | D        | Reached XP level 9. HP: 33/71 MP: 7/11
   379 | D        | Killed a red ugly thing
   379 | D        | Reached skill level 16 in Long Blades
   382 | D        | Killed a centaur
   398 | D        | Killed a crimson imp
   609 | D        | Noticed a water moccasin
   609 | D        | Noticed a water moccasin
   609 | D        | Noticed a spiny frog
   609 | D        | Noticed a yak
   609 | D        | Noticed a giant frog
   611 | D        | Noticed a black mamba
   613 | D        | Killed a water moccasin
   614 | D        | Killed a water moccasin
   614 | D        | Acquired Trog's third power
   614 | D        | Received a gift from Trog
   614 | D        | Reached skill level 17 in Long Blades
   619 | D        | Noticed a blink frog
   620 | D        | Killed a spiny frog
   620 | D        | Reached XP level 10. HP: 61/77 MP: 12/12
   623 | D        | Killed a yak
   623 | D        | Reached skill level 18 in Long Blades
   625 | D        | Killed a giant frog
   629 | D        | Killed a blink frog
   638 | D        | Killed a black mamba
   807 | D        | Noticed a hippogriff
   807 | D        | Noticed a wyvern
   807 | D        | Noticed a black mamba
   807 | D        | Noticed a crocodile
   807 | D        | Noticed a komodo dragon
   807 | D        | Noticed a polar bear
   809 | D        | Killed a hippogriff
   809 | D        | Killed a wyvern
   809 | D        | Killed a crocodile
   809 | D        | Reached skill level 19 in Long Blades
   812 | D        | Noticed a polar bear
   812 | D        | Killed a black mamba
   813 | D        | Noticed a water moccasin
   814 | D        | Noticed a giant frog
   821 | D        | Killed a komodo dragon
   826 | D        | Killed a polar bear
   832 | D        | Killed a polar bear
   836 | D        | Killed a water moccasin
   836 | D        | Reached skill level 20 in Long Blades
   841 | D        | Killed a giant frog
   841 | D        | Received a gift from Trog
   844 | D        | Got a slimy scimitar {god gift}
   850 | D        | Identified the +4 scimitar "Odilot" {vamp, Str+4} (Trog gifted it to you in the Dungeon)
  1059 | D        | Noticed an elephant
  1059 | D        | Noticed a dire elephant
  1059 | D        | Noticed an elephant
  1059 | D        | Noticed an elephant
  1059 | D        | Noticed an elephant
  1059 | D        | Noticed an elephant
  1072 | D        | Mangled by a dire elephant

Vault maps used:
D:        linesprint

Action                   |  1- 3 |  4- 6 |  7- 9 | 10-12 || total
-------------------------+-------+-------+-------+-------++-------
Melee: Long sword        |    34 |    24 |       |       ||    58
       Scimitar          |       |     5 |    42 |    57 ||   104
Evoke: Wand              |       |     1 |     1 |     5 ||     7
  Use: Potion            |     2 |     2 |     1 |     2 ||     7
  Eat: Bread ration      |       |       |       |     1 ||     1
